 Dungeon Crawl Stone Soup version 0.32-a0-876-gcfddb08e57 (webtiles) character file.

Game seed: 16218595406200577740

6580 smashvw the Fighter (level 11, -1/62 HPs)
             Began as a Vine Stalker Fighter on Apr 1, 2024.
             Was a Follower of Uskayaw.
             Slain by a killer bee (5 damage)
             ... on level 9 of the Dungeon.
             The game lasted 00:20:16 (8209 turns).

smashvw the Fighter (Vine Stalker Fighter)          Turns: 8209, Time: 00:20:17

Health: -1/62      AC: 16    Str: 24    XL:     11   Next: 1%
Magic:  0/15       EV:  7    Int: 14    God:    Uskayaw [*.....]
Gold:   527        SH:  6    Dex: 13    Spells: 10/10 levels left

rFire   . . .        i - +2 dagger (speed)
rCold   . . .        c - +0 buckler
rNeg    . . .        u - +0 chain mail
rPois   .            w - +0 helmet
rElec   .            (no cloak)
rCorr   .            a - +0 pair of gloves
SInv    .            h - +0 pair of boots
Will    +....        (no amulet) Stlth
                     q - +4 ring of protection
HPRegen 1.10/turn    B - +6 ring of intelligence
MPRegen 0.14/turn

%: guardian spirit
@: about to teleport, on berserk cooldown
A: fangs 3, regeneration 1, magic shield, antimagic bite, no potion heal 2
a: Renounce Religion, Stomp


You were on level 9 of the Dungeon.
You worshipped Uskayaw.
Uskayaw was noncommittal.
You visited 2 branches of the dungeon, and saw 11 of its levels.
You also visited: Sewer.

You collected 527 gold pieces.

Inventory:

Hand Weapons
 i - a +2 dagger of speed (weapon)
Armour
 a - a +0 pair of gloves (worn)
 c - a +0 buckler (worn)
 h - a +0 pair of boots (worn)
 t - a +0 kite shield
 u - a +0 chain mail (worn)
 w - a +0 helmet (worn)
 z - a +2 hat
Jewellery
 f - a ring of fire
 p - a ring of fire
 q - a +4 ring of protection (left hand)
 B - a +6 ring of intelligence (right hand)
 H - a ring of poison resistance
 I - a +6 ring of strength
Wands
 b - a wand of light (8)
 l - a wand of polymorph (8)
 s - a wand of flame (38) (quivered)
 D - a wand of charming (9)
Scrolls
 g - 7 scrolls of immolation
 j - a scroll of noise
 k - a scroll of fog
 m - 2 scrolls of vulnerability
 n - 2 scrolls of teleportation
 v - 2 scrolls of enchant armour
 y - a scroll of silence
 C - 2 scrolls of poison
 G - a scroll of amnesia
 J - a scroll of identify
Potions
 d - a potion of enlightenment
 e - 6 potions of curing
 o - a potion of cancellation
 r - a potion of heal wounds
 x - a potion of attraction
 A - 4 potions of mutation {unknown}
 E - a potion of magic {unknown}
 F - 2 potions of brilliance {unknown}


   Skills:
 + Level 9.0 Fighting
 + Level 8.6 Short Blades
 - Level 2.4 Armour
 + Level 8.8 Shields
 - Level 4.0 Invocations


You had 10 spell levels left.
You didn't know any spells.
Your spell library contained the following spells:

 Spells                   Type           Power      Damage    Failure   Level
 Freeze                   Ice            0%         1d3       89%         1
 Sandblast                Erth           0%         2d4       89%         1
 Sting                    Conj/Alch      0%         1d3       89%         1
 Cigotuvi's Dreadful Rot  Necr/Alch/Air  0%         N/A       96%         2
 Mercury Vapours          Alch/Air       0%         N/A       96%         2
 Dazzling Flash           Conj/Hex       0%         N/A       99%         3
 Frozen Ramparts          Ice            0%         1d1       99%         3
 Hailstorm                Conj/Ice       0%         3d5       99%         3
 Ozocubu's Armour         Ice            0%         N/A       99%         3
 Stone Arrow              Conj/Erth      0%         3d7       99%         3
 Volatile Blastmotes      Fire/Tloc      0%         2d10      99%         3
 Brom's Barrelling Bould  Conj/Erth      0%         2d3       100%        4
 Fulminant Prism          Conj/Alch      0%         3d5       100%        4
 Ignite Poison            Fire/Alch      0%         N/A       100%        4
 Iskenderun's Mystic Bla Conj/Tloc 0%             2d3        (+2d1     100%        4
 Olgreb's Toxic Radiance  Alch           0%         N/A       100%        4
 Freezing Cloud           Conj/Ice/Air   0%         6-21      100%        5
 Metabolic Englaciation   Hex/Ice        0%         N/A       100%        5
 Starburst                Conj/Fire      0%         6d3       100%        6
 Maxwell's Capacitive Co  Air            0%         ∞         100%        8


Dungeon Overview and Level Annotations

Branches:
Dungeon (10/15)            Temple (1/1) D:4           Sewer (visited)
   Lair: D:8-11         Orc: D:9-12

Altars:
Ashenzari
Cheibriados
Dithmenos
Elyvilon
Fedhas
Gozag
Hepliaklqana
Kikubaaqudgha
Nemelex Xobeh
Okawaru
Qazlal
Ru
Sif Muna
Trog
Uskayaw
Vehumet
Wu Jian
Xom
Yredelemnul
Zin
The Shining One

Annotations:
D:3 4 runed translucent doors, Crazy Yiuf; DeathSocks's ghost, amateur BaHs


Innate Abilities, Weirdness & Mutations

You have razor-sharp teeth.
Your natural rate of healing is unusually fast.
When hurt, damage is shared between your health and your magic reserves.
Your bite disrupts and absorbs the magic of your enemies.
Potions cannot restore your health.


Message History

Something hits you.
You feel yourself speed up.
You feel sick.
You are no longer poisoned.
Something hits you but does no damage. Something hits you!
* * * LOW HITPOINT WARNING * * *
The killer bee barely misses you. x2
The killer bee stings you but does no damage.
You block the killer bee's attack.
The killer bee stings you but does no damage.
You can no longer pass through a line of other dancers.
There is a stone staircase leading up here.
Okay, then.
Okay, then.
Okay, then.
Okay, then.
Okay, then.
As you read the scroll of teleportation, it crumbles to dust.
You feel strangely unstable.
The killer bee stings you but does no damage.
Something hits you.
* * * LOW HITPOINT WARNING * * *
The killer bee stings you.
* * * LOW HITPOINT WARNING * * *
You are poisoned.
The killer bee poisons you! You block the killer bee's attack.
The killer bee stings you.
* * * LOW HITPOINT WARNING * * *
The killer bee stings you.
* * * LOW HITPOINT WARNING * * *
You block the killer bee's attack.
The killer bee stings you but does no damage.
The killer bee barely misses you.
The killer bee stings you but does no damage.
The killer bee closely misses you.
Your system rejects the healing.
You feel better.
The killer bee stings you but does no damage. x2
The killer bee stings you.
You die...
Your body falls in perfect tune with the rhythm.

..#..........##.##....#
......#..##..##.....#.##
##....##......#.....#.#
...........<.........#
..####........#.......###
..
##.........###.#.....##
#...........##.#......#
#..#.........#........##
......y@y...........†...
......yyy...............
........D...........##..
.............†....#..#..
.........##†.#....##....
......##.#.†##.......###
.....# ##......##.##.
..... ##.....###.. . ...
#..:###..#.# ..


You could see an acid dragon and 5 killer bees.

Vanquished Creatures
  Gastronok (D:9)
  A two-headed ogre (D:8)
  A shadow (D:10)
  A wyvern (D:9)
  6 yaks
  A steam dragon (D:8)
  A water moccasin (D:6)
  A black bear (D:5)
  Duvessa (D:5)
  Pargi (Sewer)
  2 sky beasts
  An ice beast (D:6)
  A phantom (D:5)
  A centaur (D:9)
  Blork the orc (D:6)
  3 kobold brigands
  A brain worm (Sewer)
  3 bullfrogs
  A gnoll sergeant (D:8)
  4 scorpions
  5 wights (D:8)
  Dowan (D:5)
  11 killer bees
  A howler monkey (D:3)
  4 bombardier beetles
  4 orc priests
  4 hounds
  Natasha (twice) (D:2)
  A gnoll bouda (D:4)
  A sleepcap (D:4)
  An iguana (D:6)
  Terence (D:2)
  4 orc wizards
  Robin (D:1)
  13 gnolls
  12 adders
  A shadow imp (D:7)
  4 white imps
  4 dart slugs
  2 ribbon worms (D:2)
  36 orcs
  11 bats
  7 endoplasms
  3 giant cockroaches
  17 goblins
  15 hobgoblins
  8 jackals
  17 kobolds
  3 quokkas
  10 ball pythons
  7 rats
244 creatures vanquished.

Vanquished Creatures (others)
  A butterfly (D:8)
1 creature vanquished.

Grand Total: 245 creatures vanquished

Notes
Turn   | Place    | Note
-------+----------+-------------------------------------------
     0 | D:1      | smashvw the Vine Stalker Fighter began the quest for the
                  | Orb.
     0 | D:1      | Reached XP level 1. HP: 11/11 MP: 2/2
    42 | D:1      | Reached XP level 2. HP: 16/16 MP: 1/3
   129 | D:1      | Reached skill level 3 in Fighting
   190 | D:1      | Reached XP level 3. HP: 18/20 MP: 4/4
   617 | D:2      | Reached XP level 4. HP: 24/24 MP: 5/5
   657 | D:2      | Noticed Robin
   710 | D:1      | Killed Robin
   890 | D:2      | Noticed Terence
   924 | D:2      | Killed Terence
   925 | D:2      | Reached XP level 5. HP: 13/29 MP: 1/6
  1062 | D:2      | Found a faded altar of an unknown god.
  1265 | D:2      | Noticed Natasha
  1286 | D:2      | Killed Natasha
  1674 | D:2      | Noticed Natasha
  1689 | D:2      | Killed Natasha
  1690 | D:2      | Reached skill level 4 in Fighting
  2048 | D:3      | Noticed DeathSocks's ghost (amateur BaHs)
  2057 | D:3      | Found a runed translucent gate.
  2057 | D:3      | Found a runed translucent gate.
  2058 | D:3      | Found a runed translucent gate.
  2127 | D:3      | Reached XP level 6. HP: 30/33 MP: 7/7
  2455 | D:3      | Found a runed translucent door.
  2456 | D:3      | Noticed Crazy Yiuf
  3114 | D:4      | Reached XP level 7. HP: 36/38 MP: 6/8
  3130 | D:4      | Found a staircase to the Ecumenical Temple.
  3155 | Temple   | Entered the Ecumenical Temple
  3195 | Temple   | Became a worshipper of Uskayaw the Reveller
  3244 | D:4      | Reached * piety under Uskayaw
  3247 | D:4      | Reached ** piety under Uskayaw
  3267 | D:4      | Reached *** piety under Uskayaw
  3307 | D:4      | Found a shimmering blue altar of Sif Muna.
  3571 | D:3      | Reached skill level 1 in Invocations
  3842 | D:5      | Entered Level 5 of the Dungeon
  3850 | D:5      | Noticed Dowan
  3910 | D:5      | Reached skill level 5 in Fighting
  3950 | D:5      | Found a blossoming altar of Fedhas.
  4117 | D:5      | Reached skill level 5 in Shields
  4197 | D:5      | Gained mutation: You have razor-sharp teeth. [Vine Stalker
                  | growth]
  4197 | D:5      | Reached XP level 8. HP: 25/43 MP: 7/10
  4315 | D:5      | Found a radiant altar of Vehumet.
  4324 | D:5      | Found an ornate altar of the Wu Jian Council.
  4335 | D:5      | Noticed Duvessa
  4364 | D:5      | Killed Duvessa
  4374 | D:5      | Killed Dowan
  4645 | D:5      | Reached skill level 5 in Short Blades
  5040 | D:6      | Noticed Blork the orc
  5075 | D:6      | Reached **** piety under Uskayaw
  5076 | D:6      | Killed Blork the orc
  5093 | D:6      | Found a bloodstained altar of Trog.
  5224 | D:6      | Reached skill level 6 in Fighting
  5401 | D:6      | Found a glowing drain.
  5420 | Sewer    | Entered a sewer
  5465 | Sewer    | Reached XP level 9. HP: 48/48 MP: 11/13
  5484 | Sewer    | Noticed Pargi
  5497 | Sewer    | Killed Pargi
  6249 | D:7      | Found a sacrificial altar of Ru.
  6301 | D:7      | Found a shadowy altar of Dithmenos.
  6438 | D:8      | Reached ***** piety under Uskayaw
  6441 | D:8      | Reached skill level 7 in Fighting
  6733 | D:8      | Found a snail-covered altar of Cheibriados.
  6763 | D:8      | You fall into a shaft and drop 2 floors!
  6763 | D:10     | Entered Level 10 of the Dungeon
  6885 | D:10     | Found an opulent altar of Gozag.
  7424 | D:10     | Found a glowing golden altar of the Shining One.
  7557 | D:9      | Reached XP level 10. HP: 51/55 MP: 14/14
  7594 | D:9      | Reached skill level 8 in Fighting
  7605 | D:9      | Reached ****** piety under Uskayaw
  7844 | D:8      | Noticed a two-headed ogre
  7854 | D:8      | Killed a two-headed ogre
  8084 | D:8      | Found a shimmering altar of Xom.
  8170 | D:9      | Noticed Gastronok
  8186 | D:9      | Killed Gastronok
  8198 | D:9      | Reached skill level 9 in Fighting
  8198 | D:9      | Reached XP level 11. HP: 54/62 MP: 12/15
  8208 | D:9      | HP: 3/62 [killer bee (4)]
  8209 | D:9      | Slain by a killer bee

Illustrated notes

Levels and vault maps discovered:
D:1:      roadster_arrival_rocket_large, layout_basic, st_stairs_10
D:2:      layout_basic, serial_forest, infiniplex_forest_end_3,
          infiniplex_forest_end_3, infiniplex_forest_lined_4_way,
          infiniplex_forest_clump_long, infiniplex_forest_clump_double,
          infiniplex_forest_clump_cross, chequers_ecumenical_altar_simple,
          hangedman_abyss_or_decor_stabs, uniq_terence, uniq_robin, uniq_natasha
D:3:      layout_rooms, gammafunk_ghost_split,
          amcnicky_mini_rare_corridor_liquid, minivault_25, chequers_big_river,
          uniq_crazy_yiuf_cottage
D:4:      layout_cave_pools, hellmonk_sif_muna_bookshelves,
          minmay_temple_entry_waves, kennysheep_decorative_pillar
D:5:      layout_loops_corners, nicolae_vehumet_altar_sigil, fedhas_altar_3,
          mainiacjoe_overflow_paths, serial_park_tiny_1, feat_on_display,
          uniq_duvessa
D:6:      minmay_flawed_box, layout_basic, bloody_trog, gup_sewer_entry_glass,
          minivault_22, grunt_ministairs_7, uniq_blork_the_orc
D:7:      layout_gridville, general_overflow_altar, nicolae_ru_path_of_blood
D:8:      layout_loops_ring, chei_slow_surprise, xom_butterflies
D:9:      layout_cave_pools, mainiacjoe_overflow_surrounded_room,
          erik_lair_orcish_takeover, uniq_psyche, uniq_gastronok
D:10:     layout_layer_cave, tso_oasis_becter, nicolae_gozag_seed_capital
Temple:   jpeg_temple_alley_garden

Skill      XL: |  1  2  3  4  5  6  7  8  9 10 |
---------------+-------------------------------+-----
Short Blades   | 2 3 4 5 7 8 |  8.6
Fighting       | 3 4 5 6 7 9 |  9.0
Shields        | 3 4 5 6 7 8 |  8.8
Invocations    | 2 4 |  4.0
Armour         | |  2.4

Action                     |  1- 3 |  4- 6 |  7- 9 | 10-12 || total
---------------------------+-------+-------+-------+-------++-------
  Melee: Rapier            |   104 |    35 |       |       ||   139
         Bite              |    23 |    84 |   224 |    48 ||   379
         Dagger            |       |   287 |   662 |   131 ||  1080
  Evoke: Wand              |       |       |       |     5 ||     5
    Use: Scroll            |       |     6 |    12 |     1 ||    19
         Potion            |       |     2 |     2 |     2 ||     6
   Stab: Paralysed         |       |       |    17 |     7 ||    24
 Armour: Scale mail        |    96 |   181 |    81 |       ||   358
         Chain mail        |       |       |   347 |   113 ||   460
  Dodge: Dodged            |    59 |    77 |   142 |    34 ||   312
  Block: Buckler           |    31 |    35 |   113 |    32 ||   211

Table legend: (Time is in decaauts)
 A = Elapsed time spent in this place.
 B = Non-inter-level travel time spent in this place.
 C = Inter-level travel time spent in this place.
 D = Time resting spent in this place.
 E = Time spent auto-exploring this place.
 F = Levels seen in this place.
 G = Mean time per level.
                   A        B        C        D        E       F      G
               +--------+--------+--------+--------+--------+-----+--------+
         Total |   7738 |   7130 |    608 |     70 |   5246 |  12 |  644.8 |
       Dungeon |   7558 |   7022 |    536 |     70 |   5186 |  10 |  755.8 |
        Temple |     77 |      5 |     72 |      0 |      0 |   1 |   77.0 |
         Sewer |    102 |    102 |      0 |      0 |     60 |   1 |  102.0 |
               +--------+--------+--------+--------+--------+-----+--------+

Top non-repeatable levels by time:
     D:2: 1380 daAuts
     D:3: 981 daAuts
     D:5: 960 daAuts
     D:6: 795 daAuts
    D:10: 734 daAuts
     D:4: 702 daAuts
     D:8: 698 daAuts
     D:1: 611 daAuts
     D:7: 473 daAuts
     D:9: 220 daAuts
   Sewer: 102 daAuts
  Temple: 77 daAuts
